 Dungeon Crawl Stone Soup version 0.28-a0-1395-g4f6bc678fa (webtiles) character file.

Game seed: 9754779899768804719

20 Deminshera the Vexing (level 2, -5/16 HPs)
             Began as a Deep Elf Arcane Marksman on Jan 4, 2022.
             Succumbed to a kobold's poison
             ... on level 1 of the Dungeon.
             The game lasted 00:00:37 (847 turns).

Deminshera the Vexing (Deep Elf Arcane Marksman)     Turns: 847, Time: 00:00:38

Health: -5/16      AC:  2    Str:  7    XL:     2   Next: 58%
Magic:  7/7        EV: 12    Int: 17    God:
Gold:   49         SH:  0    Dex: 15    Spells: 4/5 levels left

rFire   . . .      SeeInvis .   a - +0 shortbow
rCold   . . .      Faith    .   (shield currently unavailable)
rNeg    . . .      Spirit   .   d - +0 robe
rPois   .          Reflect  .   (no helmet)
rElec   .          Harm     .   (no cloak)
rCorr   .          Rampage  .   (no gloves)
Will    .....                   (no boots)
Stlth   +.........              (no amulet)
HPRegen 0.05/turn               (no ring)
MPRegen 0.10/turn               (no ring)

@: lethally poisoned (-5 -> -31)
A: no striking features
a: no special abilities


You were on level 1 of the Dungeon.
You visited 1 branch of the dungeon, and saw 1 of its levels.

You collected 49 gold pieces.

Inventory:

Hand Weapons
 a - a +0 shortbow (weapon)
Missiles
 c - 26 arrows (quivered ammo)
Armour
 d - a +0 robe (worn)
Scrolls
 b - 2 scrolls of fog {unknown}
 e - a scroll of acquirement {unknown}
 f - 2 scrolls of teleportation {unknown}
 g - a scroll of identify {unknown}
 h - a scroll of amnesia {unknown}


   Skills:
 - Level 0.7 Fighting
 + Level 3.3 Bows
 - Level 2.4 Dodging
 + Level 2.3 Spellcasting
 + Level 4.5 Hexes


You had 4 spell levels left.
You knew the following spells:

 Your Spells              Type           Power      Damage    Failure   Level
a - Slow                  Hex            68%        N/A       3%          1

Your spell library contained the following spells:

 Spells                   Type           Power      Damage    Failure   Level
 Inner Flame              Hex/Fire       9%         N/A       22%         3
 Portal Projectile        Hex/Tloc       18%        N/A       22%         3
 Cause Fear               Hex            8%         N/A       28%         4


Dungeon Overview and Level Annotations

Branches:
Dungeon (1/15)

Altars:


Message History

You shoot an arrow. The arrow hits the jackal.
You kill the jackal!
The jackal misses you.
The jackal bites you but does no damage.
The kobold throws a stone.
The stone closely misses you.
The jackal bites you but does no damage.
You shoot an arrow. The arrow hits the jackal.
You kill the jackal!
You shoot an arrow. The arrow hits the kobold.
The kobold is moderately wounded.
You shoot an arrow. The arrow completely misses the kobold.
The kobold hits you but does no damage.
You are poisoned.
You shoot an arrow. The arrow barely misses the kobold.
You feel sick.
The kobold hits you with a +0 dagger of venom.
You are lethally poisoned!
You shoot an arrow. The arrow closely misses the kobold.
You feel very sick. The kobold misses you.
The kobold hits you with a +0 dagger of venom.
You are more poisoned.
You are too injured to fight recklessly!
You are too injured to fight recklessly!
You are too injured to fight recklessly!
You aren't carrying any potions.
Fire: 28 arrows
Press: ? - help, Q - select action, (/) - cycle Shift-Dir - straight line, f/p - kobold
Aim: a kobold, wielding a +0 dagger of venom and quivering stones (moderately wounded, 51% to hit)
You shoot an arrow.
The arrow hits the kobold but does no damage.
The kobold is moderately wounded.
* * * LOW HITPOINT WARNING * * *
You feel very sick. The kobold hits you but does no damage.
You are more poisoned.
Fire: 27 arrows
Press: ? - help, Q - select action, (/) - cycle Shift-Dir - straight line, f/p - kobold
Aim: a kobold, wielding a +0 dagger of venom and quivering stones (moderately wounded, 51% to hit)
You shoot an arrow. The arrow misses the kobold.
You die...

####...######.#
#..
...#...##.....#
.....# #...
...######.###.#
.....# #...
...######.###.#
.....# ##.##
...#......#.#.# #
...(!#
...#......#.#.##.#
.(...#
...#.###.##......#
(....# .....#
#.##.#)#####(....#
####.#
#.##.#...@K((((#
####.#
#.##.#.#######.#
.....# #....#.#
####.# #.##.#.#
### #.##.#.#
####.#.# ###.# ###


You could see a kobold.

Vanquished Creatures
  2 bats (D:1)
  2 endoplasms (D:1)
  A giant cockroach (D:1)
  A goblin (D:1)
  A hobgoblin (D:1)
  5 jackals (D:1)
  2 ball pythons (D:1)
  A frilled lizard (D:1)
  2 rats (D:1)
17 creatures vanquished.

Notes
Turn   | Place    | Note
-------+----------+-------------------------------------------
     0 | D:1      | Deminshera the Deep Elf Arcane Marksman began the quest for
                  | the Orb.
     0 | D:1      | Reached XP level 1. HP: 11/11 MP: 5/5
   466 | D:1      | Reached XP level 2. HP: 16/16 MP: 7/7
   847 | D:1      | Succumbed to a kobold's poison

Illustrated notes

Levels and vault maps discovered:
D:1:      dpeg_arrival_simpleton_a, layout_basic

Skill      XL: |  1 |
---------------+----+-----
Bows           | 3 |  3.3
Spellcasting   | 2 |  2.3
Fighting       | |  0.7
Dodging        | |  2.4
Hexes          | |  4.5

Action                   || total
-------------------------++-------
 Fire: Shortbow          ||    34
 Cast: Slow              ||     4
Armor: Robe              ||     6
Dodge: Dodged            ||    15

Table legend: (Time is in decaauts)
 A = Elapsed time spent in this place.
 B = Non-inter-level travel time spent in this place.
 C = Inter-level travel time spent in this place.
 D = Time resting spent in this place.
 E = Time spent auto-exploring this place.
 F = Levels seen in this place.
 G = Mean time per level.
                   A        B        C        D        E       F      G
               +--------+--------+--------+--------+--------+-----+--------+
         Total |    851 |    851 |      0 |    341 |    431 |   1 |  851.0 |
       Dungeon |    851 |    851 |      0 |    341 |    431 |   1 |  851.0 |
               +--------+--------+--------+--------+--------+-----+--------+

Top non-repeatable levels by time:
     D:1: 851 daAuts
